 Dungeon Crawl Stone Soup version 0.30-a0-557-ge2afbf3030 (webtiles) character file.

Game seed: 11179091744559153907

10 bande the Covered (level 2, -1/19 HPs)
             Began as a Gargoyle Fighter on Dec 28, 2022.
             Frozen to death by an endoplasm (5 damage)
             ... on level 1 of the Dungeon.
             The game lasted 00:00:40 (398 turns).

bande the Covered (Gargoyle Fighter)                 Turns: 398, Time: 00:00:41

Health: -1/19      AC:  9    Str: 19    XL:     2   Next: 20%
Magic:  2/2        EV:  9    Int:  8    God:
Gold:   38         SH:  4    Dex:  9    Spells: 1/1 levels left

rFire   . . .      SeeInvis .    a - +0 war axe
rCold   . . .      Faith    .    c - +0 buckler
rNeg    + . .      Spirit   .    b - +0 scale mail
rPois   ∞          Reflect  .    (no helmet)
rElec   +          Harm     .    (no cloak)
rCorr   .          Rampage  .    (no gloves)
Will    .....                    (no boots) Stlth
                                 (no amulet)
HPRegen 0.23/turn                (no ring)
MPRegen 0.08/turn                (no ring)

@: no status effects
A: sickness immunity, AC +2, negative energy resistance 1, electricity
resistance, torment resistance 1, petrification resistance
a: no special abilities


You were on level 1 of the Dungeon.
You visited 1 branch of the dungeon, and saw 1 of its levels.

You collected 38 gold pieces.

Inventory:

Hand Weapons
 a - a +0 war axe (weapon)
Armour
 b - a +0 scale mail (worn)
 c - a +0 buckler (worn)
Scrolls
 e - a scroll of amnesia {unknown}
 g - a scroll of blinking {unknown}
Potions
 d - 2 potions of might
 f - a potion of haste {unknown}
 h - a potion of invisibility {unknown}


   Skills:
 + Level 3.5 Fighting
 + Level 1.8 Axes
 + Level 3.6 Armour
 + Level 3.4 Shields


You had one spell level left.
You didn't know any spells.
Your spell library was empty.

Dungeon Overview and Level Annotations

Branches:
Dungeon (1/15)

Altars:

Shops:
D:1 (


Innate Abilities, Weirdness & Mutations

You are immune to sickness and miasma.
Your stone body is resilient. (AC +2)
You are immune to poison.
You resist negative energy. (rN+)
You are resistant to electric shocks. (rElec)
You are resistant to unholy torment.
You are immune to petrification.


Message History

Found 2 scrolls labelled WOUCKU HELOYS.
The bat hits you but does no damage.
A kobold comes into view. It is wielding a +0 dagger.
The kobold shouts!
The bat barely misses you. The bat hits you but does no damage.
An endoplasm comes into view.
You closely miss the bat.
The endoplasm quivers.
The bat barely misses you. The bat hits you.
You hit the bat.
The bat is moderately wounded.
The bat hits you but does no damage.
You slash the bat!
You kill the bat!
The kobold hits you but does no damage.
You closely miss the kobold. The kobold hits you with a +0 dagger.
You barely miss the endoplasm. You barely miss the kobold.
The endoplasm freezes you.
You are frozen.
You block the kobold's attack. The endoplasm freezes you.
You are frozen.
The kobold hits you but does no damage.
You are too injured to fight recklessly!
You are too injured to fight recklessly!
You are too injured to fight recklessly!
You are too injured to fight recklessly!
You are too injured to fight recklessly!
You are too injured to fight recklessly!
You are too injured to fight recklessly!
You are too injured to fight recklessly!
You miss the kobold. You barely miss the endoplasm.
You block the kobold's attack. The endoplasm freezes you.
You are frozen.
* * * LOW HITPOINT WARNING * * *
Unknown command.
You hit the kobold but do no damage. You hit the endoplasm.
The kobold barely misses you. The endoplasm freezes you.
You are frozen.
You die...

###### .?....#
#########......#
#..............#
#...............
#.....J........#
......K@.......
#..........####
.......†.†.#
#..........###
###..........###
#.####.###.#.. ...
...# #.#.#
###################
#.#.#
.............#####
#.#.#


You could see an endoplasm and a kobold.

Vanquished Creatures
  2 jackals (D:1)
  3 ball pythons (D:1)
  3 bats (D:1)
  2 frilled lizards (D:1)
  A kobold (D:1)
11 creatures vanquished.

Notes
Turn   | Place    | Note
-------+----------+-------------------------------------------
     0 | D:1      | bande the Gargoyle Fighter began the quest for the Orb.
     0 | D:1      | Reached XP level 1. HP: 14/14 MP: 1/1
    80 | D:1      | Found Ylui's Weapon Shop.
   331 | D:1      | Reached XP level 2. HP: 19/19 MP: 2/2
   398 | D:1      | Frozen to death by an endoplasm

Illustrated notes

Levels and vault maps discovered:
D:1:      dpeg_arrival_water_temple_mockup, layout_basic, serial_shops,
          nicolae_shop_bloodbath_and_beyond, nicolae_shop_stone,
          chequers_serial_rivers_large_b, hex_intersection

Action                   || total
-------------------------++-------
Melee: War axe           ||    49
Armor: Scale mail        ||    37
Dodge: Dodged            ||    38
Block: Buckler           ||    15

Table legend: (Time is in decaauts)
 A = Elapsed time spent in this place.
 B = Non-inter-level travel time spent in this place.
 C = Inter-level travel time spent in this place.
 D = Time resting spent in this place.
 E = Time spent auto-exploring this place.
 F = Levels seen in this place.
 G = Mean time per level.
                   A        B        C        D        E       F      G
               +--------+--------+--------+--------+--------+-----+--------+
         Total |    419 |    419 |      0 |      0 |    315 |   1 |  419.0 |
       Dungeon |    419 |    419 |      0 |      0 |    315 |   1 |  419.0 |
               +--------+--------+--------+--------+--------+-----+--------+

Top non-repeatable levels by time:
     D:1: 419 daAuts
